 Dungeon Crawl Stone Soup version 0.24-a0-201-gf205589 (webtiles) character file.

Game seed: 1081677785408283270

59252 silenth the Grappler (level 14, -1/113 HPs)
             Began as a Demonspawn Gladiator on Mar 22, 2019.
             Was a High Priest of Makhleb.
             Killed from afar by an ice statue (29 damage)
             ... with a shard of ice
             ... in a Gauntlet.
             The game lasted 00:44:59 (23105 turns).

silenth the Grappler (Demonspawn Gladiator)        Turns: 23105, Time: 00:44:59

Health: -1/113     AC: 16    Str: 23      XL:     14   Next: 52%
Magic:  23/23      EV: 19    Int:  6 (9)  God:    Makhleb [*****.]
Gold:   341        SH: 11    Dex: 24      Spells: 16/18 levels left

rFire    + . .     SeeInvis +     - Unarmed
rCold    . . .     Gourm    .   v - +0 buckler "Forget-Me-Not" {rElec Dex+4 Slay+3}
rNeg     . . .     Faith    .   c - +0 acid dragon scales
rPois    .         Spirit   .   y - +2 helmet {SInv}
rElec    +         Reflect  +   N - +0 cloak
rCorr    +         Harm     .   (gloves unavailable)
MR       +....     NoTele   +   R - +2 pair of boots {Stlth+}
Stlth    +++++.....             a - +5 amulet of reflection
HPRegen  0.28/turn              h - +3 ring of dexterity
MPRegen  0.18/turn              C - +5 ring of strength

@: no status effects
A: claws 3, slimy green scales 1, fire resistance 1, powered by death 2,
screaming 1, flame cloud immunity, subdued magic 2
a: Minor Destruction, Lesser Servant of Makhleb, Major Destruction, Greater
Servant of Makhleb, Renounce Religion


You were in a Gauntlet.
You worshipped Makhleb.
Makhleb was extremely pleased with you.
You were not hungry.

You visited 2 branches of the dungeon, and saw 19 of its levels.
You also visited: Gauntlet.

You collected 1301 gold pieces.
You spent 960 gold pieces at shops.

Inventory:

Hand Weapons
 b - a +3 hunting sling of velocity
 w - a +6 eveningstar of protection
Missiles
 d - 5 throwing nets (quivered)
 o - 137 sling bullets
Armour
 c - +0 acid dragon scales (worn)
 v - the +0 buckler "Forget-Me-Not" (worn) {rElec Dex+4 Slay+3}
   (You acquired it on level 3 of the Lair of Beasts)

   It affects your dexterity (+4).
   It affects your accuracy and damage with ranged weapons and melee attacks
   (+3).
   It insulates you from electricity.
 y - a +2 helmet of see invisible (worn)
 N - a +0 cloak (worn)
 R - a +2 pair of boots of stealth (worn)
Jewellery
 a - a +5 amulet of reflection (around neck)
 h - a +3 ring of dexterity (left claw)
 l - an uncursed ring of fire
 n - an uncursed ring of protection from fire
 B - an uncursed ring of resist corrosion
 C - a +5 ring of strength (right claw)
 J - an uncursed ring of protection from magic
Wands
 q - a wand of paralysis (1)
 z - a wand of flame (27)
 D - a wand of iceblast (31)
 L - a wand of enslavement (7)
 Q - a wand of acid (2)
Scrolls
 g - 8 scrolls of teleportation
 i - 7 scrolls of identify
 r - 6 scrolls of remove curse
 x - a scroll of blinking
 E - a scroll of immolation
 O - a scroll of amnesia
 P - 4 scrolls of fog
Potions
 f - 7 potions of agility
 j - 2 potions of invisibility
 k - a potion of might
 m - 5 potions of brilliance
 p - 4 potions of lignification
 s - 2 potions of mutation
 t - 3 potions of magic
 A - 3 potions of heal wounds
 F - 2 potions of cancellation
 G - 4 potions of flight
 K - 7 potions of curing
 M - a potion of resistance
Miscellaneous
 u - a lamp of fire (inert)
 H - a lightning rod (4/4)
Comestibles
 e - 26 rations


   Skills:
 + Level 11.0 Fighting
 - Level 3.1 Maces & Flails
 + Level 2.3(3.2) Slings
 + Level 3.2(3.6) Throwing
 - Level 4.0 Armour
 + Level 8.3 Dodging
 - Level 7.0 Stealth
 - Level 5.0 Shields
 * Level 13.6 Unarmed Combat
 * Level 2.8 Spellcasting
 * Level 2.9 Translocations
 + Level 12.1 Invocations
 - Level 5.0 Evocations


You had 16 spell levels left.
You knew the following spells:

 Your Spells              Type           Power        Failure   Level  Hunger
a - Blink                 Tloc           N/A          16%         2    ###....

Your spell library contained the following spells:

 Spells                   Type           Power        Failure   Level  Hunger
 Shroud of Golubria       Chrm/Tloc      #.........   28%         2    ###....
 Gell's Gravitas          Tloc           #.........   30%         3    ####...
 Lesser Beckoning         Tloc           #.........   30%         3    ####...
 Teleport Other           Tloc           #.......     30%         3    ####...
 Flame Tongue             Conj/Fire      #....        34%         1    ##.....
 Freeze                   Ice            #...         34%         1    ##.....
 Throw Flame              Conj/Fire      #.....       47%         2    ###....
 Throw Frost              Conj/Ice       #.....       47%         2    ###....
 Conjure Flame            Conj/Fire      #.......     73%         3    ####...
 Inner Flame              Hex/Fire       #.......     73%         3    ####...
 Ozocubu's Armour         Chrm/Ice       #.......     73%         3    ####...
 Spider Form              Tmut/Pois      #.........   73%         3    ####...
 Passage of Golubria      Tloc           N/A          73%         4    #####..
 Ice Form                 Ice/Tmut       #.......     99%         4    #####..
 Sticky Flame             Conj/Fire      #.......     99%         4    #####..
 Summon Ice Beast         Ice/Summ       #.......     99%         4    #####..
 Throw Icicle             Conj/Ice       #.......     99%         4    #####..
 Fireball                 Conj/Fire      #.........   100%        5    ######.
 Irradiate                Conj/Tmut      #.........   100%        5    ######.
 Bolt of Cold             Conj/Ice       #.........   100%        6    #######
 Hydra Form               Tmut           #.........   100%        6    #######
 Statue Form              Tmut/Erth      #........    100%        6    #######
 Dragon Form              Tmut           #.........   100%        7    #######


Dungeon Overview and Level Annotations

Branches:
Dungeon (13/15)            Temple (0/1) D:6            Lair (6/6) D:10
 Shoals (0/4) Lair:4        Snake (0/4) Lair:4        Slime (0/5) Lair:6
    Orc (0/2) D:10         Vaults (0/5) D:13

Altars:
Ashenzari
Cheibriados
Dithmenos
Elyvilon
Gozag
Hepliaklqana
Kikubaaqudgha
Makhleb
Nemelex Xobeh
Trog
Vehumet
Wu Jian
Zin
The Shining One

Shops:
D:8 }}

Annotations:
D:13 Nessos
Lair:2 exclusion: oklob plant Gauntlet 5 transporters, exclusion: ice statue


Innate Abilities, Weirdness & Mutations

You have claws for hands.
You are partially covered in slimy green scales. (AC +2)
Your flesh is heat resistant. (rF+)
You regenerate health from kills.
You are immune to clouds of flame.
You occasionally shout uncontrollably at your foes.
Your spells are easier to cast, but less powerful.


Message History

The plant is engulfed in freezing vapours. x3
The ice beast hits you but does no damage.
The ice statue gestures at you. The bolt of cold hits you!!
You claw the ice statue!
The ice statue is severely damaged.
You are engulfed in freezing vapours.
The plant is engulfed in freezing vapours. x3
The ice beast hits you but does no damage.
You are engulfed in freezing vapours.
* * * LOW HITPOINT WARNING * * *
The plant is engulfed in freezing vapours. x3
You block the ice beast's attack.
You mangle the ice beast!!
The ice beast is almost dead.
You mangle the ice beast!!
You kill the ice beast!
The ice statue gestures at you. The shard of ice hits you!!
You die...

.8.▒...▒...§8§...........≈8≈...▒.
...▒.©.▒....§.............≈....▒.
▒▒▒▒▒▒▒▒▒▒▒.§.▒▒▒▒▒▒▒▒▒▒▒...▒▒▒▒▒
▒.##.##.##▒.8.▒....▒....▒...▒....
▒†##.##.##▒...▒...▒.▒...▒...▒.▒..
▒.†.......▒▒▒▒▒..▒.©P▒..▒...▒..▒▒
▒##©##.##.▒...▒.▒..▒.P▒^▒...▒..▒▒
▒##.##.##.▒©.©▒▒P.▒P▒.P▒▒...▒....
▒..▒..▒...▒...▒.@▒P☼P▒..▒...▒..▒▒
▒#.▒..#▒.#▒▒▒▒▒^▒○°▒.P▒^▒...▒..▒▒
▒#▒▒▒.▒▒.#▒...▒▒P°▒8▒.P▒▒...▒.▒..
▒....©....▒.8.▒."▒.☼°▒!.▒...▒..$.
▒▒▒▒▒▒▒▒▒▒▒...▒▒▒▒▒▒▒▒▒▒▒...▒▒▒▒▒
.................................
.........................≈∩≈.....
▒▒▒▒▒▒▒▒▒▒▒▒▒▒▒▒▒▒▒▒▒▒▒▒▒▒▒▒▒▒▒▒▒
▒ ▒8▒ ▒8▒ ▒8▒ ▒8▒▓≈..............


You could see an ice statue.

Vanquished Creatures
  Gastronok (Lair:3)
  The ghost of robertstho the Grappler, a journeyman TrMo of Okawaru (Lair:4)
  3 dire elephants (Lair:6)
  Josephine (Lair:6)
  An anaconda (Lair:6)
  5 hydras
  Erica (D:10)
  A two-headed ogre (D:13)
  A centaur warrior (D:9)
  2 queen ants
  3 death yaks (Lair:5)
  2 unseen horrors
  A deep elf mage (D:12)
  3 manticores
  3 cyclopes
  Maurice (D:11)
  19 elephants
  A merfolk siren (Lair:4)
  2 black mambas
  6 spiny frogs
  2 rime drakes
  9 komodo dragons
  4 polar bears
  4 trolls
  2 hornets (Gauntlet)
  2 tengu conjurers (D:9)
  13 blink frogs
  4 hippogriffs
  Sigmund (D:6)
  A spriggan (D:7)
  4 wraiths (Lair:6)
  A wyvern (D:10)
  4 basilisks
  32 yaks
  2 chaos spawn (Gauntlet)
  A neqoxec (Gauntlet)
  Menkaure (D:6)
  2 acid dragons
  7 nagas (Lair:4)
  11 soldier ants
  13 water moccasins
  6 porcupines
  3 orc warriors
  A swamp drake (D:10)
  5 ice beasts
  2 sky beasts
  3 black bears
  5 phantoms
  2 necrophages (D:9)
  A wolf (D:11)
  6 ogres
  8 centaurs
  19 crocodiles
  3 big kobolds
  18 bullfrogs
  A gnoll sergeant (D:5)
  4 scorpions
  23 wights
  10 killer bees
  6 howler monkeys
  4 electric eels
  6 crimson imps
  2 bullfrog zombies
  15 orc wizards
  4 hounds
  3 jellies
  7 orc priests
  A centaur skeleton (D:8)
  2 bullfrog skeletons
  4 iguanas
  Terence (D:3)
  14 worker ants
  A hell rat (Lair:1)
  A bullfrog simulacrum (D:11)
  A howler monkey zombie (D:5)
  A worker ant zombie (D:10)
  5 gnolls
  18 adders
  5 river rats (Lair:1)
  3 shadow imps
  6 white imps (D:11)
  A howler monkey simulacrum (D:11)
  An ufetubus (D:11)
  3 oozes
  3 dart slugs
  3 worms (D:2)
  A leopard gecko (D:2)
  21 orcs
  6 giant cockroaches
  8 goblins
  7 hobgoblins
  4 jackals
  5 quokkas
  4 ball pythons
  4 bats
  7 frilled lizards
  5 kobolds
  2 leopard gecko skeletons (D:5)
  A leopard gecko zombie (D:7)
  A quokka zombie (D:9)
  8 rats
  2 fungi (Gauntlet)
  6 plants
511 creatures vanquished.

Vanquished Creatures (collateral kills)
  A two-headed ogre (D:10)
  A death yak (Lair:5)
  Sonja (Lair:3)
  A hippogriff (D:9)
  6 blink frogs
  2 centaur simulacra (D:11)
  8 yaks
  A water moccasin (Lair:6)
  A bullfrog (Lair:1)
  A hound (D:9)
  A worker ant (D:9)
  2 river rats (Lair:1)
  A white imp (D:11)
  A rat (Lair:1)
28 creatures vanquished.

Vanquished Creatures (others)
  A two-headed ogre (D:9)
  8 fungi
  11 plants
20 creatures vanquished.

Grand Total: 559 creatures vanquished

Notes
Turn   | Place    | Note
-------+----------+-------------------------------------------
     0 | D:1      | silenth the Demonspawn Gladiator began the quest for the
                  | Orb.
     0 | D:1      | Reached XP level 1. HP: 16/16 MP: 1/1
   211 | D:1      | Reached skill level 3 in Maces & Flails
   294 | D:1      | Gained mutation: You have sharp fingernails. [demonic
                  | ancestry]
   294 | D:1      | Reached XP level 2. HP: 20/22 MP: 2/2
   664 | D:1      | Reached skill level 1 in Unarmed Combat
  1003 | D:1      | Gained mutation: You have very sharp fingernails. [demonic
                  | ancestry]
  1003 | D:1      | Reached XP level 3. HP: 28/28 MP: 3/3
  1320 | D:2      | Found a faded altar of an unknown god.
  1346 | D:2      | Became a worshipper of Vehumet
  1346 | D:2      | Reached * piety under Vehumet
  1346 | D:2      | Offered knowledge of Sting by Vehumet.
  1607 | D:2      | Reached skill level 2 in Unarmed Combat
  1763 | D:2      | Reached skill level 3 in Fighting
  1763 | D:2      | Reached XP level 4. HP: 18/35 MP: 4/4
  1980 | D:2      | Found a shadowy altar of Dithmenos.
  2381 | D:3      | Noticed Terence
  2413 | D:3      | Reached ** piety under Vehumet
  2413 | D:3      | Offered knowledge of Sandblast by Vehumet.
  2424 | D:3      | Killed Terence
  2424 | D:3      | Reached skill level 3 in Unarmed Combat
  2429 | D:3      | Gained mutation: You regenerate a little health from kills.
                  | [demonic ancestry]
  2429 | D:3      | Reached XP level 5. HP: 21/41 MP: 5/5
  3208 | D:3      | Reached skill level 1 in Stealth
  3355 | D:3      | Gained mutation: You are partially covered in slimy green
                  | scales. (AC +2) [demonic ancestry]
  3355 | D:3      | Reached XP level 6. HP: 48/48 MP: 6/6
  3518 | D:4      | Reached skill level 4 in Unarmed Combat
  3543 | D:4      | Reached skill level 4 in Fighting
  3641 | D:4      | Found a glowing golden altar of the Shining One.
  3737 | D:4      | Reached skill level 2 in Stealth
  3898 | D:4      | Found a shadowy altar of Dithmenos.
  3908 | D:4      | Gained mutation: You have claws for hands. [demonic
                  | ancestry]
  3908 | D:4      | Reached XP level 7. HP: 42/55 MP: 7/7
  4038 | D:4      | Reached skill level 5 in Unarmed Combat
  4583 | D:5      | Entered Level 5 of the Dungeon
  4641 | D:5      | Reached skill level 3 in Stealth
  4643 | D:5      | Reached skill level 5 in Fighting
  4661 | D:5      | Offered knowledge of Ignite Poison by Vehumet.
  4832 | D:5      | Reached skill level 6 in Unarmed Combat
  5053 | D:5      | Gained mutation: You regenerate health from kills. [demonic
                  | ancestry]
  5053 | D:5      | Reached XP level 8. HP: 33/62 MP: 8/8
  5054 | D:5      | HP: 5/62 [gnoll/+0 halberd (8)]
  5070 | D:5      | HP: 6/62 [poisoned by a gnoll sergeant]
  5077 | D:5      | HP: 4/62 [poisoned by a gnoll sergeant]
  5084 | D:5      | HP: 4/62 [poisoned by a gnoll sergeant]
  5092 | D:5      | HP: 3/62 [poisoned by a gnoll sergeant]
  5821 | D:5      | Found a burning altar of Makhleb.
  5821 | D:5      | Noticed a blizzard demon
  5824 | D:5      | Noticed a hellwing
  5824 | D:5      | Noticed a hellwing
  5871 | D:5      | Fell from the grace of Vehumet
  5871 | D:5      | Became a worshipper of Makhleb the Destroyer
  6189 | D:6      | Noticed Menkaure
  6193 | D:6      | Killed Menkaure
  6193 | D:6      | Reached skill level 1 in Invocations
  6194 | D:6      | Reached skill level 7 in Unarmed Combat
  6232 | D:6      | Reached skill level 2 in Invocations
  6273 | D:6      | Reached skill level 6 in Fighting
  6327 | D:6      | Reached skill level 3 in Dodging
  6327 | D:6      | Reached skill level 1 in Shields
  6327 | D:6      | Reached skill level 1 in Evocations
  6371 | D:6      | Found an opulent altar of Gozag.
  6467 | D:6      | Reached skill level 1 in Armour
  6494 | D:6      | Found a staircase to the Ecumenical Temple.
  6529 | D:6      | Found an ornate altar of the Wu Jian Council.
  6531 | D:6      | Found an ancient bone altar of Kikubaaqudgha.
  6534 | D:6      | Found a white marble altar of Elyvilon.
  6535 | D:6      | Found a glowing silver altar of Zin.
  6535 | D:6      | Found a hazy altar of Hepliaklqana.
  6536 | D:6      | Found a radiant altar of Vehumet.
  6539 | D:6      | Found a sparkling altar of Nemelex Xobeh.
  6609 | D:6      | Noticed Sigmund
  6632 | D:6      | Killed Sigmund
  6632 | D:6      | Reached skill level 3 in Invocations
  6632 | D:6      | Reached XP level 9. HP: 53/69 MP: 11/11
  6669 | D:6      | Found a snail-covered altar of Cheibriados.
  6816 | D:7      | Reached * piety under Makhleb
  6887 | D:7      | Reached skill level 2 in Evocations
  6898 | D:7      | Reached skill level 2 in Shields
  7016 | D:7      | Reached skill level 2 in Armour
  7016 | D:7      | Reached skill level 4 in Invocations
  7245 | D:7      | Reached skill level 8 in Unarmed Combat
  7538 | D:8      | Reached skill level 3 in Shields
  7685 | D:8      | Reached skill level 4 in Dodging
  7769 | D:8      | Reached ** piety under Makhleb
  7771 | D:8      | Reached skill level 5 in Invocations
  7777 | D:8      | Gained mutation: Your flesh is heat resistant. (rF+)
                  | [demonic ancestry]
  7777 | D:8      | Reached XP level 10. HP: 67/77 MP: 13/13
  7789 | D:8      | Reached skill level 3 in Armour
  7793 | D:8      | Reached skill level 7 in Fighting
  7793 | D:8      | Reached skill level 4 in Shields
  8213 | D:8      | Found Zasem's Gadget Boutique.
  8250 | D:8      | Found Imits's Gadget Emporium.
  8271 | D:8      | Bought a lightning rod (4/4) for 480 gold pieces
  8459 | D:9      | Reached skill level 9 in Unarmed Combat
  8469 | D:9      | Reached *** piety under Makhleb
  8500 | D:9      | Reached skill level 6 in Invocations
  8508 | D:9      | Noticed a two-headed ogre
  8528 | D:9      | Noticed a cyclops
  8542 | D:9      | Killed a cyclops
  8542 | D:9      | Reached skill level 5 in Dodging
  8555 | D:9      | Reached skill level 4 in Armour
  8938 | D:9      | Identified the cursed +0 hand crossbow "Conservator"
                  | {velocity, Int+4 Dex+3 SInv}
  8942 | D:9      | Noticed a centaur warrior
  8972 | D:9      | Killed a two-headed ogre
  8972 | D:9      | Reached skill level 7 in Invocations
  8972 | D:9      | Reached XP level 11. HP: 41/86 MP: 16/16
  8973 | D:9      | Killed a centaur warrior
  9152 | D:9      | Reached skill level 8 in Fighting
  9152 | D:9      | Reached skill level 10 in Unarmed Combat
  9518 | D:9      | Found a bloodstained altar of Trog.
  9971 | D:10     | Entered Level 10 of the Dungeon
 10305 | D:10     | Noticed Erica
 10316 | D:10     | Killed Erica
 10316 | D:10     | Reached skill level 6 in Dodging
 10452 | D:10     | Reached **** piety under Makhleb
 10463 | D:10     | Reached skill level 4 in Stealth
 10463 | D:10     | Reached skill level 8 in Invocations
 10529 | D:10     | Found a staircase to the Orcish Mines.
 10785 | D:10     | Found a staircase to the Lair.
 10954 | D:10     | Was forgiven by Vehumet
 11063 | D:11     | Found a burning altar of Makhleb.
 11069 | D:11     | Noticed a two-headed ogre
 11106 | D:10     | Killed a two-headed ogre
 11416 | D:10     | Reached skill level 3 in Evocations
 11636 | D:11     | Noticed Maurice
 11658 | D:11     | Killed Maurice
 11701 | D:11     | Reached XP level 12. HP: 94/94 MP: 18/18
 11737 | D:11     | Reached skill level 11 in Unarmed Combat
 11760 | D:11     | Reached skill level 5 in Stealth
 11820 | D:11     | Reached skill level 9 in Fighting
 11824 | D:11     | Reached skill level 9 in Invocations
 12425 | Lair:1   | Entered Level 1 of the Lair of Beasts
 12565 | Lair:1   | Reached skill level 4 in Evocations
 12687 | Lair:1   | Noticed a four-headed hydra
 12695 | Lair:1   | Killed a five-headed hydra
 12695 | Lair:1   | Reached skill level 7 in Dodging
 13765 | Lair:2   | Reached ***** piety under Makhleb
 13823 | Lair:2   | Reached skill level 6 in Stealth
 14471 | Lair:3   | Noticed Sonja
 14480 | Lair:3   | Paralysed by Sonja for 4 turns
 14486 | Lair:3   | Paralysed by Sonja for 4 turns
 14494 | Lair:3   | Killed Sonja
 14755 | Lair:3   | Reached skill level 5 in Evocations
 14768 | Lair:3   | Reached skill level 10 in Invocations
 15145 | Lair:3   | Reached skill level 12 in Unarmed Combat
 15328 | Lair:3   | Noticed a queen ant
 15334 | Lair:3   | Killed a queen ant
 15389 | Lair:3   | Reached XP level 13. HP: 102/102 MP: 20/20
 15504 | Lair:3   | Noticed Gastronok
 15524 | Lair:3   | Killed Gastronok
 15551 | Lair:3   | Identified a scroll of acquirement
 15552 | Lair:3   | Got a transparent buckler
 15563 | Lair:3   | Identified the +0 buckler "Forget-Me-Not" {rElec Dex+4
                  | Slay+3} (You acquired it on level 3 of the Lair of Beasts)
 15921 | Lair:4   | Found a staircase to the Snake Pit.
 16142 | Lair:4   | Found a runed translucent gate.
 16142 | Lair:4   | Found a runed translucent gate.
 16142 | Lair:4   | Found a runed translucent gate.
 16175 | Lair:4   | Found a staircase to the Shoals.
 16217 | Lair:4   | Found a shattered altar of Ashenzari.
 16269 | Lair:4   | Reached skill level 5 in Shields
 16345 | Lair:4   | Reached skill level 10 in Fighting
 16464 | Lair:4   | Reached skill level 7 in Stealth
 16736 | Lair:4   | Noticed robertstho's ghost (journeyman TrMo)
 16759 | Lair:4   | Killed robertstho's ghost
 17190 | D:8      | Bought a lamp of fire for 480 gold pieces
 17466 | Lair:5   | Noticed a green death
 17628 | Lair:5   | Reached skill level 11 in Invocations
 18621 | Lair:5   | Reached skill level 13 in Unarmed Combat
 18823 | Lair:6   | Entered Level 6 of the Lair of Beasts
 18823 | Lair:6   | Found a staircase to the Slime Pits.
 19157 | Lair:6   | Noticed Josephine
 19194 | Lair:5   | Reached skill level 2 in Throwing
 19577 | Lair:6   | Killed Josephine
 19577 | Lair:6   | Reached skill level 1 in Slings
 19577 | Lair:6   | Gained mutation: You are immune to clouds of flame.
                  | [demonic ancestry]
 19577 | Lair:6   | Reached XP level 14. HP: 111/111 MP: 22/22
 19591 | Lair:6   | Reached skill level 8 in Dodging
 19620 | Lair:6   | Learned a level 2 spell: Blink
 20311 | Lair:6   | Reached skill level 1 in Spellcasting
 20311 | Lair:6   | Reached skill level 1 in Translocations
 20738 | Lair:6   | Identified Totz's Collected Works on Mutagenic Cold
 21250 | Lair:6   | Got a slimy robe
 21261 | Lair:6   | Identified the cursed +1 robe "Riar" {*Contam rElec Dex-3
                  | Slay+5} (You found it on level 6 of the Lair of Beasts)
 21290 | Lair:6   | Gained mutation: Your spells are a little easier to cast,
                  | but a little less powerful. [mutagenic glow]
 21666 | D:12     | Found an ancient bone altar of Kikubaaqudgha.
 21717 | D:12     | Reached skill level 2 in Translocations
 21721 | D:12     | Reached skill level 2 in Spellcasting
 21721 | D:12     | Reached skill level 12 in Invocations
 21752 | D:12     | Reached skill level 2 in Slings
 21948 | D:12     | Reached skill level 3 in Throwing
 22601 | D:13     | Found a gate to the Vaults.
 22601 | D:13     | Noticed Nessos
 22661 | D:13     | Found a gate leading to a gauntlet.
 22687 | Gauntlet | Entered a Gauntlet
 22687 | Gauntlet | Found a transporter.
 22687 | Gauntlet | Found a transporter.
 22687 | Gauntlet | Found a transporter.
 22687 | Gauntlet | Noticed a reaper
 22691 | Gauntlet | Found a transporter.
 22691 | Gauntlet | Found a transporter.
 22703 | Gauntlet | Found a transporter.
 22766 | Gauntlet | Found a transporter.
 22776 | Gauntlet | Found a transporter.
 22791 | Gauntlet | Found a transporter.
 22803 | Gauntlet | Found a transporter.
 22816 | Gauntlet | Found a transporter.
 22820 | Gauntlet | Found the amulet of Vitality {Regen+ HP+15}
 22822 | Gauntlet | Found a transporter.
 22928 | Gauntlet | Gained mutation: You occasionally shout uncontrollably at
                  | your foes. [a neqoxec]
 22932 | Gauntlet | Gained mutation: Your spells are easier to cast, but less
                  | powerful. [a neqoxec]
 23009 | Gauntlet | Reached skill level 11 in Fighting
 23105 | Gauntlet | Killed from afar by an ice statue

Levels and vault maps discovered:
D:1:      scummos_arrival_forest, layout_basic, grunt_decor_one_mirror,
          minmay_misc_feat_iff, minmay_3d_cube
D:2:      kennysheep_big_flooded_room, layout_rooms,
          chequers_ecumenical_altar_simple_redux,
          nicolae_dithmenos_through_a_glass_darkly
D:3:      cheibrodos_old_hovel, layout_basic, first_ration, uniq_terence
D:4:      layout_basic, lemuel_round_altar, tso_altar
D:5:      layout_basic, makhleb_altar_promises_db
D:6:      layout_basic, nicolae_gozag_cash_rules_everything_around_me,
          marbit_many_paths, minitemple, temple_green, uniq_menkaure,
          uniq_sigmund
D:7:      cheibrodos_helix_gallery, layout_gridville, the_bakery
D:8:      layout_rooms, serial_shops, nicolae_shop_window_shopping,
          kennysheep_windowed_goal
D:9:      minmay_the_grid_octo_tiled_octocenter
          [minmay_the_grid_octo_checkerflower, minmay_the_grid_octo_concentric,
          minmay_the_grid_octo_toaster, minmay_the_grid_octo_thin_diamonds,
          minmay_the_grid_octo_prize_star,
          minmay_the_grid_square_5x5_eight_small,
          minmay_the_grid_square_5x5_detours,
          minmay_the_grid_square_5x5_trominoes,
          minmay_the_grid_square_5x5_fancy_junction], layout_long_grid,
          overflow_temple_1_default
D:10:     layout_roguey, erik_lair_dragon, orc_0_dummy, kennysheep_nondescript,
          uniq_erica
D:11:     layout_cave_pools, basic_altar, serial_ice, serial_ice_g,
          serial_ice_o, serial_ice_l, serial_ice_f, serial_ice_a, serial_ice_m,
          minivault_4, lemuel_old_faithful, uniq_maurice
D:12:     layout_stronghold, basic_altar, nicolae_twisting_strands, minivault_4
D:13:     layout_irregular_city, david_vaults_3, gauntlet_entry_generic
Lair:1:   layout_cave_pods, nicolae_quartered_pool_little,
          kennysheep_abandoned_house, grunt_megastairs_3
Lair:2:   layout_misc_corridors, serial_bayou_shore_a, lemuel_fruit_fields
Lair:3:   layout_roguey, wad_woods_antlair, grunt_megastairs_5, uniq_gastronok,
          uniq_sonja
Lair:4:   layout_roguey, minmay_shoals_entry_lonely_mermaid,
          minmay_snake_entry_guardpost_medium, basic_altar,
          ebering_ghost_rock_garden, infiniplex_staircase_pool_2
Lair:5:   layout_cave_pods, fungi_pond_lemuel, serial_bayou_pond_d,
          minmay_holes, st_stairs_7, cheibrodos_lair_reptile_den
Lair:6:   due_jungle_book, layout_big_grid, slime_dummy, uniq_josephine
Gauntlet: gammafunk_gauntlet_shortcut [nicolae_gauntlet_arena_flowing_pool,
          nicolae_gauntlet_arena_blocks, gammafunk_gauntlet_arena_chambers,
          gammafunk_gauntlet_arena_grid, gammafunk_gauntlet_arena_crates,
          gammafunk_gauntlet_arena_arrow_garden, gauntlet_exit_watery]

Skill      XL: |  1  2  3  4  5  6  7  8  9 10 11 12 13 14 |
---------------+-------------------------------------------+-----
Maces & Flails | 3 |  3.1
Unarmed Combat | 1 2 3 4 6 7 8 9 10 12 13 | 13.6
Fighting       | 3 4 5 6 7 8 9 10 11 | 11.0
Stealth        | 1 2 3 4 6 7 |  7.0
Invocations    | 3 5 7 8 10 11 12 | 12.1
Dodging        | 3 4 5 6 7 8 |  8.3
Shields        | 1 3 4 5 |  5.0
Evocations     | 1 2 3 5 |  5.0
Armour         | 1 2 4 |  4.0
Throwing       | 2 3 |  3.2
Slings         | 1 2 |  2.3
Spellcasting   | 2 |  2.8
Translocations | 2 |  2.9

Action                   |  1- 3 |  4- 6 |  7- 9 | 10-12 | 13-15 || total
-------------------------+-------+-------+-------+-------+-------++-------
Melee: Flail             |    46 |       |       |       |       ||    46
       Unarmed           |    83 |   184 |   309 |   793 |   568 ||  1937
       Punch             |     2 |     5 |       |       |       ||     7
       Eveningstar       |       |       |       |       |     3 ||     3
 Fire: Hunting sling     |     1 |       |     5 |     1 |     4 ||    11
 Cast: Blink             |       |       |       |       |     4 ||     4
Invok: Minor Destruction |       |       |       |     3 |     6 ||     9
       Lesser Servant of |       |       |       |     8 |     8 ||    16
       Major Destruction |       |       |       |       |     5 ||     5
       Greater Servant o |       |       |       |       |     1 ||     1
Evoke: Wand              |       |     8 |     9 |    17 |    12 ||    46
       Lightning rod     |       |       |       |     2 |     2 ||     4
       Lamp of fire      |       |       |       |       |     2 ||     2
  Use: Scroll            |       |     9 |    11 |     9 |    15 ||    44
       Potion            |       |     3 |     3 |       |     1 ||     7
 Stab: Sleeping          |     1 |     2 |     8 |    13 |    17 ||    41
       Paralysed         |       |       |     3 |       |     2 ||     5
       Distracted        |       |       |       |     7 |     1 ||     8
       Confused          |       |       |       |     2 |       ||     2
  Eat: Chunk             |     3 |     3 |     9 |    12 |     4 ||    31
       Ration            |       |     1 |     1 |     4 |     6 ||    12
Armor: Leather armour    |    39 |    46 |    69 |     6 |       ||   160
       Skin              |       |       |    12 |       |       ||    12
       Robe              |       |       |       |   170 |    68 ||   238
       Acid dragon scale |       |       |       |       |    24 ||    24
Dodge: Dodged            |    92 |    98 |   154 |   446 |   273 ||  1063
Block: Shield            |       |     7 |     3 |    69 |    16 ||    95
       Buckler           |       |       |    58 |   166 |   252 ||   476
       Reflection        |       |       |       |     1 |     3 ||     4

Table legend:
 A = Non-vault XP
 B = Vault XP
 C = Vault XP percentage of total XP
 D = Non-vault monster count
 E = Vault monster count
 F = Vault count percentage of total count
                 A         B        C        D         E       F
            +---------+---------+-------+---------+---------+-------
      Total |   56558 |   28088 |  33.2 |     394 |     138 |  25.9
            +---------+---------+-------+---------+---------+-------
        D:1 |      37 |       4 |   9.8 |      21 |       2 |   8.7
        D:2 |      72 |       4 |   5.3 |      17 |       2 |  10.5
        D:3 |     244 |      39 |  13.8 |      29 |       2 |   6.5
        D:4 |     534 |       0 |   0.0 |      15 |       0 |   0.0
        D:5 |     824 |       0 |   0.0 |      21 |       0 |   0.0
        D:6 |     807 |     431 |  34.8 |      12 |       3 |  20.0
        D:7 |     901 |     254 |  22.0 |      13 |       3 |  18.8
        D:8 |    2894 |     140 |   4.6 |      35 |       3 |   7.9
        D:9 |    3127 |    4125 |  56.9 |      35 |      27 |  43.5
       D:10 |    2080 |    2456 |  54.1 |      17 |       9 |  34.6
       D:11 |    4679 |    1752 |  27.2 |      39 |      18 |  31.6
       D:12 |    5637 |       0 |   0.0 |      28 |       0 |   0.0
       D:13 |    1642 |       0 |   0.0 |       2 |       0 |   0.0
     Lair:1 |    4284 |    1393 |  24.5 |      21 |      12 |  36.4
     Lair:2 |    2374 |       0 |   0.0 |      16 |       0 |   0.0
     Lair:3 |    2439 |    5223 |  68.2 |       8 |      16 |  66.7
     Lair:4 |    5324 |    2933 |  35.5 |      19 |       9 |  32.1
     Lair:5 |    9325 |    1599 |  14.6 |      22 |       9 |  29.0
     Lair:6 |    9334 |    4397 |  32.0 |      24 |      10 |  29.4
   Gauntlet |       0 |    3338 | 100.0 |       0 |      13 | 100.0
            +---------+---------+-------+---------+---------+-------
